 Dungeon Crawl Stone Soup version 0.21.1-1-g345015f (webtiles) character file.

6303 nicolaieve the Severer (level 10, -1/88 HPs)
             Began as a Minotaur Berserker on July 19, 2018.
             Was a High Priest of Trog.
             Slain by a polar bear (3 damage)
             ... on level 8 of the Dungeon.
             The game lasted 00:22:19 (6140 turns).

nicolaieve the Severer (Minotaur Berserker)         Turns: 6140, Time: 00:22:20

Health: -1/88      AC: 15    Str: 21 (24) XL:     10   Next: 63%
Magic:  9/9        EV:  7    Int:  3 (4)  God:    Trog [*****.]
Gold:   502        SH:  0    Dex: 10 (11) Spells: 9/9 levels left

rFire    . . .     SeeInvis .   y - +1 war axe (freeze)
rCold    . . .     Gourm    .   (no shield)
rNeg     . . .     Faith    .   q - +0 plate armour
rPois    .         Spirit   .   (helmet restricted)
rElec    .         Reflect  .   (no cloak)
rCorr    .         Harm     .   t - +0 pair of gloves
MR       ++...                  (no boots)
Stlth    ..........             (no amulet)
HPRegen  1.24/turn              (no ring)
MPRegen  0.11/turn              (no ring)

@: berserk cooldown, regenerating, slowed, very slow
A: retaliatory headbutt, horns 2
a: Berserk, Trog's Hand, Brothers in Arms, Burn Spellbooks, Renounce Religion


You were on level 8 of the Dungeon.
You worshipped Trog.
Trog was extremely pleased with you.
You were very hungry.

You visited 1 branch of the dungeon, and saw 8 of its levels.

You collected 502 gold pieces.

Inventory:

Hand Weapons
 y - a +1 war axe of freezing (weapon)
 C - a +2 hand axe
Armour
 q - a +0 plate armour (worn)
 t - a +0 pair of gloves (worn)
Jewellery
 g - an uncursed ring of wizardry {unknown}
 s - an uncursed amulet of magic regeneration {unknown}
Wands
 p - a wand of iceblast (7)
 w - a wand of digging (33)
 x - a wand of flame (31)
Scrolls
 a - a scroll of immolation {unknown}
 b - 4 scrolls of remove curse
 d - 8 scrolls of identify {unknown}
 j - a scroll of random uselessness {unknown}
 l - 2 scrolls of enchant weapon {unknown}
 r - 2 scrolls of enchant armour {unknown}
 u - a scroll of summoning {unknown}
 v - 4 scrolls of teleportation {unknown}
 A - 2 scrolls of fear {unknown}
 B - a scroll of fog {unknown}
Potions
 e - 2 potions of degeneration
 f - 2 potions of curing
 i - a potion of flight {unknown}
 k - 2 potions of agility {unknown}
 m - a potion of ambrosia {unknown}
 n - 3 potions of magic {unknown}
 o - a potion of haste {unknown}
 z - a potion of lignification {unknown}
Comestibles
 c - 14 rations
 D - a chunk of flesh


   Skills:
 * Level 8.1 Fighting
 + Level 15.6 Axes
 * Level 8.1 Armour
 - Level 2.1 Dodging


You had 9 spell levels left.
You didn't know any spells.

Dungeon Overview and Level Annotations

Branches:
Dungeon (8/15)             Temple (0/1) D:7
   Lair: D:8-11

Altars:
Ashenzari
Cheibriados
Elyvilon
Gozag
Okawaru
Sif Muna
Wu Jian
Yredelemnul


Innate Abilities, Weirdness & Mutations

You reflexively headbutt those who attack you in melee.
You have a pair of horns on your head.


Message History

The polar bear barely misses you.
The polar bear bites you but does no damage.
The polar bear claws you.
* * * LOW HITPOINT WARNING * * *
The polar bear claws you but does no damage.
Unknown command.
You feel much better. The polar bear barely misses you. x2
The polar bear claws you but does no damage.
The polar bear bites you but does no damage.
The polar bear claws you but does no damage.
The polar bear completely misses you.
The polar bear bites you but does no damage.
The polar bear claws you but does no damage. x2
The polar bear bites you!!
* * * LOW HITPOINT WARNING * * *
The polar bear claws you.
* * * LOW HITPOINT WARNING * * *
The polar bear claws you but does no damage.
The polar bear bites you.
You die...

#####.......##.......##....#.##.#
.............'.......'.....#.##.#
##############.......##....#.##.#
###...|...##....#.##.#
#.).).....##....#.##.#
#...#.######....#.##.# #...#..##
###..#.##.#
#...#...#######.#.##.#
#...#@h.#.....#.....(#
#...#hh.#.....#.#.####
#####h†††.....#.#.....
#...'.....########
#...'.....#......#
#...'.....#.####.# #...#.....#.#
#.# #...#.....#.# #.#
#...#######.# #.#


You could see 3 polar bears and a black bear.

Vanquished Creatures
  A two-headed ogre (D:8)
  A death yak (D:8)
  The ghost of poirepourri the Thaumaturge, a novice DEFE (D:5)
  3 polar bears (D:8)
  The ghost of olivier the Skirmisher, an amateur MfFi (D:3)
  2 hippogriffs (D:8)
  A wyvern (D:4)
  2 yaks (D:8)
  A hog (D:8)
  Menkaure (D:6)
  2 ice beasts
  4 sky beasts
  2 orc warriors
  3 black bears (D:8)
  A necrophage (D:6)
  2 wolves (D:8)
  A phantom (D:4)
  4 ogres
  A centaur (D:5)
  A crocodile (D:7)
  A bullfrog (D:8)
  3 howler monkeys (D:7)
  3 wights (D:8)
  2 crimson imps (D:7)
  2 orc priests (D:6)
  A hound (D:5)
  3 orc wizards
  9 worker ants
  A killer bee zombie (D:5)
  2 hound skeletons (D:4)
  11 gnolls
  12 adders
  3 shadow imps
  A dart slug (D:2)
  9 leopard geckos
  31 orcs
  7 giant cockroaches
  5 goblins
  2 hobgoblins
  3 quokkas
  A ball python (D:3)
  9 bats
  3 frilled lizards (D:2)
  3 jackal skeletons
  6 kobolds
  10 rats
178 creatures vanquished.

Notes
Turn   | Place    | Note
-------+----------+-------------------------------------------
     0 | D:1      | nicolaieve the Minotaur Berserker began the quest for the Orb.
     0 | D:1      | Reached XP level 1. HP: 19/19 MP: 0/0
   148 | D:1      | Reached skill level 4 in Axes
   274 | D:1      | Reached XP level 2. HP: 26/26 MP: 1/1
   768 | D:2      | Reached skill level 5 in Axes
   814 | D:2      | Reached XP level 3. HP: 31/31 MP: 2/2
   879 | D:2      | Reached ** piety under Trog
  1035 | D:2      | Reached skill level 6 in Axes
  1035 | D:2      | Reached XP level 4. HP: 19/39 MP: 3/3
  1507 | D:3      | Noticed olivier's ghost (amateur MfFi)
  1520 | D:3      | Killed olivier's ghost
  1520 | D:3      | Reached skill level 8 in Axes
  1520 | D:3      | Reached XP level 5. HP: 35/45 MP: 4/4
  1520 | D:3      | Reached XP level 6. HP: 40/51 MP: 5/5
  1645 | D:3      | Found an opulent altar of Gozag.
  1645 | D:3      | Found an iron altar of Okawaru.
  1647 | D:3      | Found an ornate altar of the Wu Jian Council.
  1811 | D:3      | Found a runed door.
  1811 | D:3      | Noticed a human
  1817 | D:3      | Found a basalt altar of Yredelemnul.
  2114 | D:4      | Noticed a wyvern
  2122 | D:4      | Killed a wyvern
  2122 | D:4      | Reached skill level 9 in Axes
  2163 | D:4      | Reached XP level 7. HP: 20/57 MP: 6/6
  2176 | D:4      | Reached skill level 10 in Axes
  2840 | D:5      | Entered Level 5 of the Dungeon
  3029 | D:5      | Noticed poirepourri's ghost (novice DEFE)
  3035 | D:5      | Killed poirepourri's ghost
  3035 | D:5      | Reached skill level 11 in Axes
  3066 | D:5      | Reached XP level 8. HP: 51/64 MP: 7/7
  3412 | D:5      | Reached *** piety under Trog
  3629 | D:6      | Reached skill level 12 in Axes
  3634 | D:6      | Found a shattered altar of Ashenzari.
  3822 | D:6      | Reached skill level 13 in Axes
  4167 | D:6      | Noticed Menkaure
  4174 | D:6      | Killed Menkaure
  4174 | D:6      | Reached **** piety under Trog
  4370 | D:7      | Reached XP level 9. HP: 66/69 MP: 8/8
  4417 | D:7      | Reached skill level 14 in Axes
  4686 | D:7      | Found a white marble altar of Elyvilon.
  4839 | D:7      | Found a snail-covered altar of Cheibriados.
  4907 | D:7      | Found a staircase to the Ecumenical Temple.
  5172 | D:8      | Found a deep blue altar of Sif Muna.
  5207 | D:8      | Noticed a two-headed ogre
  5210 | D:8      | Killed a two-headed ogre
  5210 | D:8      | Reached skill level 5 in Fighting
  5210 | D:8      | Reached skill level 5 in Armour
  5311 | D:8      | Reached skill level 15 in Axes
  5402 | D:8      | Found a huge runed gate.
  5402 | D:8      | Found a huge runed gate.
  5402 | D:8      | Found a huge runed gate.
  5402 | D:8      | Noticed a polar bear
  5402 | D:8      | Noticed a death yak
  5403 | D:8      | Noticed a polar bear
  5403 | D:8      | Noticed a polar bear
  5403 | D:8      | Noticed a polar bear
  5403 | D:8      | Found a huge runed gate.
  5404 | D:8      | Noticed a polar bear
  5411 | D:8      | Noticed a polar bear
  5468 | D:8      | Reached XP level 10. HP: 61/82 MP: 9/9
  6119 | D:8      | Killed a death yak
  6128 | D:8      | Reached ***** piety under Trog
  6136 | D:8      | HP: 4/87 [polar bear (1)]
  6138 | D:8      | HP: 1/88 [polar bear (5)]
  6140 | D:8      | Slain by a polar bear

Skill      XL: |  1  2  3  4  5  6  7  8  9 10 |
---------------+-------------------------------+-----
Axes           | 4 5 6 8 9 11 13 15 | 15.6
Armour         | 5 8 |  8.1
Fighting       | 6 8 |  8.1
Dodging        | |  2.1

Action                   |  1- 3 |  4- 6 |  7- 9 | 10-12 || total
-------------------------+-------+-------+-------+-------++-------
Melee: Hand axe          |    62 |    65 |    37 |       ||   164
       Headbutt          |    11 |    13 |    47 |     9 ||    80
       War axe           |       |       |   200 |    34 ||   234
Invok: Berserk           |     1 |     2 |     6 |     1 ||    10
       Burn Spellbooks   |       |       |     1 |       ||     1
       Trog's Hand       |       |       |       |     2 ||     2
  Use: Scroll            |       |       |     1 |       ||     1
       Potion            |       |       |       |     4 ||     4
  Eat: Chunk             |       |     6 |    17 |     2 ||    25
Armor: Ring mail         |    10 |    14 |    39 |       ||    63
       Chain mail        |    39 |    13 |       |       ||    52
       Plate armour      |       |       |    69 |    68 ||   137
Dodge: Dodged            |    43 |    24 |    91 |    39 ||   197
